 Dungeon Crawl Stone Soup version 0.19.5 (webtiles) character file.

209 MirrMurr the Poker (level 5, -2/47 HPs)
             Began as a Hill Orc Monk on Apr 30, 2017.
             Slain by an iguana (10 damage)
             ... on level 3 of the Dungeon.
             The game lasted 00:08:18 (3517 turns).

MirrMurr the Poker (Hill Orc Monk)                  Turns: 3517, Time: 00:08:19

Health: -2/47      AC: 10    Str: 15    XL:     5   Next: 87%
Magic:  5/5        EV:  6    Int: 10    God:
Gold:   155        SH:  4    Dex: 13    Spells: 0 memorised, 4 levels left

rFire  . . .     SeeInvis .     a - +0 spear
rCold  . . .     Gourm    .     h - +0 chain mail
rNeg   . . .     Faith    .     v - +0 buckler (curse)
rPois  .         Spirit   .     (no helmet)
rElec  .         Reflect  .     u - +1 cloak
rCorr  .         Harm     .     (no gloves)
MR     .....                    (no boots)
Stlth  ..........               (no amulet)
                                (no ring)
                                (no ring)

@: no status effects
A: no striking features
a: no special abilities


You were on level 3 of the Dungeon.
You were hungry.

You visited 1 branch of the dungeon, and saw 4 of its levels.

You collected 155 gold pieces.

Inventory:

Hand Weapons
 a - a +0 spear (weapon)
Missiles
 g - 135 stones (quivered)
Armour
 h - a +0 chain mail (worn)
 o - a +0 shield
 u - a +1 cloak (worn)
 v - a cursed +0 buckler (worn)
Jewellery
 t - an uncursed ring of ice {unknown}
Wands
 x - a wand of flame (19/48)
Scrolls
 j - a scroll of teleportation {unknown}
 l - 2 scrolls of recharging {unknown}
 m - a scroll of random uselessness {unknown}
 n - a scroll of immolation
 p - 6 scrolls of identify {unknown}
 r - 2 scrolls of remove curse
 w - a scroll of amnesia {unknown}
Potions
 b - a potion of berserk rage
 e - 2 potions of degeneration {unknown}
Comestibles
 c - 5 bread rations
 d - 8 meat rations
 i - 2 fruits
 k - a beef jerky
 q - a slice of pizza
 s - a royal jelly


   Skills:
 + Level 4.8 Fighting
 * Level 5.5 Polearms
 - Level 2.6 Dodging
 - Level 1.5 Stealth
 + Level 2.3 Shields


You had 4 spell levels left.
You didn't know any spells.

Dungeon Overview and Level Annotations

Branches:
Dungeon (4/15)
 Temple: D:4-7

Altars:
Cheibriados
Elyvilon
Makhleb
Nemelex Xobeh
Ru


Message History

There is an open door here.
You see here a hand axe.
There is an open door here.
You hit the iguana.
The iguana is heavily wounded.
The iguana bites you!
* * * LOW HITPOINT WARNING * * *
You hit the iguana but do no damage.
The iguana is heavily wounded.
The iguana barely misses you.
You barely miss the iguana.
The iguana is heavily wounded.
The iguana bites you.
* * * LOW HITPOINT WARNING * * *
You closely miss the iguana.
The iguana is heavily wounded.
You closely miss the iguana.
The iguana is heavily wounded.
The iguana bites you!
You die...

.# .# .# ## .# ###### #. .#
#....###### #.
.################.........#
###.
................'.......>.#
#..<
.################.....##..#
#.#. .#
#####....ol@.....##..# #.#.
+#
#.......####.....##..####.#.
.# #.......#
#......<.......#. ##
##......o# #.######..######.
# #........####.........# #.
#.....................# #.
#............#######..# ###.
# #............# #..# #... #
#............# #..## #.##


You could see an iguana and an orc.

Vanquished Creatures
  Crazy Yiuf (D:3)
  A worker ant (D:3)
  7 adders
  An ooze (D:1)
  3 worms
  3 leopard geckos
  3 orcs (D:3)
  7 bats
  6 giant cockroaches
  5 goblins
  3 hobgoblins
  8 jackals
  3 quokkas
  3 ball pythons
  15 frilled lizards
  8 kobolds
  3 rats (D:3)
80 creatures vanquished.

Notes
Turn   | Place    | Note
-------+----------+-------------------------------------------
     0 | D:1      | MirrMurr the Hill Orc Monk began the quest for the Orb.
     0 | D:1      | Reached XP level 1. HP: 19/19 MP: 1/1
   172 | D:1      | Reached XP level 2. HP: 23/27 MP: 2/2
   686 | D:1      | Reached skill level 4 in Polearms
   780 | D:1      | Reached XP level 3. HP: 31/33 MP: 3/3
  1104 | D:2      | Found a burning altar of Makhleb.
  1381 | D:2      | Found a white marble altar of Elyvilon.
  1415 | D:2      | Reached XP level 4. HP: 40/40 MP: 4/4
  1428 | D:2      | Found a sparkling altar of Nemelex Xobeh.
  1511 | D:2      | Reached skill level 1 in Shields
  1930 | D:2      | Reached skill level 5 in Polearms
  1996 | D:2      | Found a faded altar of an unknown god.
  1996 | D:2      | Found a faded altar of an unknown god.
  2001 | D:2      | Found a faded altar of an unknown god.
  2003 | D:2      | Found a faded altar of an unknown god.
  2004 | D:2      | Found a sacrificial altar of Ru.
  2234 | D:3      | Reached XP level 5. HP: 10/47 MP: 5/5
  2753 | D:3      | Found a snail-covered altar of Cheibriados.
  3136 | D:3      | Found a runed door.
  3176 | D:3      | Noticed Crazy Yiuf
  3189 | D:3      | Killed Crazy Yiuf
  3517 | D:3      | Slain by an iguana

Skill      XL: |  1  2  3  4  5 |
---------------+----------------+-----
Polearms       | 4 5 |  5.5
Fighting       | 4 |  4.8
Shields        | 1 2 |  2.3
Dodging        | |  2.6
Stealth        | |  1.5

Action                   |  1- 3 |  4- 6 || total
-------------------------+-------+-------++-------
Melee: Spear             |   160 |   235 ||   395
  Use: Scroll            |     1 |     1 ||     2
       Potion            |       |     4 ||     4
 Stab: Sleeping          |     2 |     4 ||     6
  Eat: Chunk             |     2 |     6 ||     8
Armor: Robe              |    15 |       ||    15
       Leather armour    |     9 |    43 ||    52
       Chain mail        |       |    18 ||    18
       Scale mail        |       |     2 ||     2
Dodge: Dodged            |    62 |    90 ||   152
Block: Shield            |    40 |     7 ||    47
       Buckler           |       |    25 ||    25
